 Dungeon Crawl Stone Soup version 0.31-a0-810-ga77100ea1a (webtiles) character file.

Game seed: 17436180964933290043

1811689 MrSquiggles the Warmonger (level 27, 254/254 HPs)
             Began as a Minotaur Fighter on Sept 21, 2023.
             Was a High Priest of Okawaru.
             Escaped with the Orb
             ... and 3 runes!
             The game lasted 02:05:49 (61685 turns).

MrSquiggles the Warmonger (Minotaur Fighter)       Turns: 61685, Time: 02:05:49

Health: 254/254    AC: 48    Str: 28    XL:     27
Magic:  37/37      EV: 17    Int: 13    God:    Okawaru [*****.]
Gold:   7748       SH: 19    Dex: 17    Spells: 17/26 levels left

rFire   + + +        a - +6 demon trident "Nuamm" {pain, rPois rF+ SInv}
rCold   + + +        t - +2 shield of Resistance {rF++ rC++ Will++}
rNeg    + . .        Y - +9 gold dragon scales of the Fifty Geomancers {rPois rF+ rC+ Will- Regen+ Dex+3 Slay+4}
rPois   +            O - +1 hat
rElec   +            E - +4 dragonskin cloak
rCorr   +            D - +1 pair of gloves of the King of the Hill {Slay+2 SInv}
SInv    +            c - +3 pair of mountain boots {steadfast, rC+}
Will    +++++        j - amulet of the Four Winds {rN+ Will+++ Clar} Stlth
                     X - ring "Zalunt" {rElec rC++ rCorr Str+3 Dex-4}
HPRegen 1.42/turn    H - ring "Xostry" {Will+ Int+2 Slay+4 Stlth+}
MPRegen 0.25/turn

%: clarity
@: hasted, studying 5 skills, very quick
A: horns 2, retaliatory headbutt, thin skeletal structure 1, see invisible,
clever 1, evolution 2
0: Orb of Zot
}: 3/15 runes: serpentine, barnacled, silver
a: Renounce Religion, Heroism, Finesse, Duel


You escaped.
You worshipped Okawaru.
Okawaru was extremely pleased with you.
You visited 11 branches of the dungeon, and saw 51 of its levels.
You also visited: Ice Cave, Volcano, Wizlab and Desolation.

You collected 11510 gold pieces.
You spent 3762 gold pieces at shops.

Inventory:

Hand Weapons
 a - the +6 demon trident "Nuamm" (weapon) {pain, rPois rF+ SInv}
   (Okawaru gifted it to you on level 3 of the Lair of Beasts)

   rF+:       It protects you from fire.
   rPois:     It protects you from poison SInv: It lets you see invisible.
 b - the +1 broad axe of Division {antimagic, rPois rN+++ Will+ Str-3}
   (You found it on level 5 of the Lair of Beasts)

   Str-3:     It affects your strength (-3).
   rPois:     It protects you from poison rN+++: It renders you almost immune to
   negative energy.
   Will+:     It increases your willpower.
Missiles
 v - 2 datura-tipped darts
 x - 6 throwing nets
 B - 32 curare-tipped darts
 G - 8 silver javelins
 I - 36 boomerangs (quivered)
 K - 37 poisoned darts
 V - 35 atropa-tipped darts
 W - 37 javelins
Armour
 c - the +3 pair of mountain boots (worn) {steadfast, rC+}
   (You found it on level 1 of the Realm of Zot)

   Steadfast: It prevents involuntary movement, except for blinking,
   teleportation, or banishment.
   rC+:       It protects you from cold.
 t - the +2 shield of Resistance (worn) {rF++ rC++ Will++}
   (You found it on level 14 of the Dungeon)

   rF++:      It greatly protects you from fire.
   rC++:      It greatly protects you from cold.
   Will++:    It greatly increases your willpower.
 D - the +1 pair of gloves of the King of the Hill (worn) {Slay+2 SInv}
   (You found it on level 3 of the Elven Halls)

   Slay+2:    It affects your accuracy & damage with ranged weapons and melee
   (+2).
   SInv:      It lets you see invisible.
 E - the +4 dragonskin cloak (worn)
   (You took it off Tiamat on level 4 of the Realm of Zot)

   Avatar's Aegis: It grants the wearer a chance to resist fire, cold, poison,
   electricity, acid, and negative energy.
 O - a +1 hat (worn)
 Y - the +9 gold dragon scales of the Fifty Geomancers (worn) {rPois rF+ rC+ Will- Regen+ Dex+3 Slay+4}
   (Okawaru gifted it to you on level 3 of the Lair of Beasts)

   Dex+3:     It affects your dexterity (+3).
   Slay+4:    It affects your accuracy & damage with ranged weapons and melee
   (+4).
   rF+:       It protects you from fire.
   rC+:       It protects you from cold.
   rPois:     It protects you from poison Will-: It decreases your willpower.
   Regen+:    It increases your rate of health regeneration.
Jewellery
 j - the amulet of the Four Winds (around neck) {rN+ Will+++ Clar}
   (You took it off an ironbound convoker on level 5 of the Vaults)

   [amulet of nothing]

   rN+:       It protects you from negative energy.
   Will+++:   It greatly increases your willpower.
   Clar:      It protects you from confusion, rage, mesmerisation and fear.
 H - the ring "Xostry" (right hand) {Will+ Int+2 Slay+4 Stlth+}
   (You bought it in a shop on level 2 of the Dungeon)

   [ring of slaying]

   Int+2:     It affects your intelligence (+2).
   Slay+4:    It affects your accuracy & damage with ranged weapons and melee
   (+4).
   Will+:     It increases your willpower.
   Stlth+:    It makes you more stealthy.
 X - the ring "Zalunt" (left hand) {rElec rC++ rCorr Str+3 Dex-4}
   (You found it in the Desolation of Salt)

   [ring of resist corrosion]

   Str+3:     It affects your strength (+3).
   Dex-4:     It affects your dexterity (-4).
   rC++:      It greatly protects you from cold.
   rElec:     It insulates you from electricity.
   rCorr:     It protects you from acid and corrosion.
Wands
 d - a wand of roots (40)
 k - a wand of mindburst (43)
 F - a wand of digging (24)
 U - a wand of acid (23)
 Z - a wand of flame (127)
Scrolls
 g - 26 scrolls of teleportation
 h - a scroll of revelation
 i - 12 scrolls of noise
 o - 6 scrolls of torment
 p - 12 scrolls of identify
 r - 14 scrolls of fog
 s - 12 scrolls of poison
 u - 2 scrolls of silence
 y - 10 scrolls of blinking
 C - 6 scrolls of vulnerability
 J - 3 scrolls of immolation
 P - a scroll of enchant weapon
 Q - 5 scrolls of fear
Potions
 e - 11 potions of heal wounds
 f - 11 potions of haste
 m - 4 potions of invisibility
 n - 3 potions of magic
 w - 22 potions of curing
 z - 13 potions of lignification
 L - 4 potions of enlightenment
 M - a potion of mutation
 N - 4 potions of might
 R - a potion of berserk rage
 S - 3 potions of ambrosia
 T - 2 potions of cancellation
Miscellaneous
 l - a lightning rod (4/4)
 q - a phial of floods
 A - a tin of tremorstones (2/2)


   Skills:
 - Level 22.0 Fighting
 - Level 13.5(16.0) Axes
 - Level 14.0(16.2) Polearms
 - Level 16.0 Throwing
 - Level 22.0 Armour
 - Level 22.0 Dodging
 - Level 0.3 Stealth
 - Level 22.0 Shields
 - Level 14.9 Necromancy
 - Level 0.2 Translocations
 + Level 22.5 Invocations
 - Level 12.7 Evocations


You had 17 spell levels left.
You knew the following spells:

 Your Spells              Type           Power      Damage    Failure   Level
a - Blink                 Tloc           0%         N/A       99%         2
b - Passage of Golubria   Tloc           0%         N/A       100%        4
c - Vampiric Draining     Necr           38%        2d8       2%          3

Your spell library contained the following spells:

 Spells                   Type           Power      Damage    Failure   Level
 Necrotise                Necr           100%       1d9       1%          1
 Sublimation of Blood     Necr           38%        N/A       1%          2
 Dispel Undead            Necr           38%        3d16      8%          4
 Agony                    Necr           38%        N/A       21%         5
 Cigotuvi's Dreadful Rot  Necr/Pois/Air  24%        N/A       56%         2
 Anguish                  Hex/Necr       9%         N/A       85%         4
 Foxfire                  Conj/Fire      0%         2x1d4     98%         1
 Freeze                   Ice            0%         1d3       98%         1
 Magic Dart               Conj           0%         1d3       98%         1
 Sandblast                Erth           0%         2d4       98%         1
 Shock                    Conj/Air       0%         1d3       98%         1
 Sting                    Tmut/Pois      0%         1d3       98%         1
 Ensorcelled Hibernation  Hex/Ice        0%         N/A       99%         2
 Lesser Beckoning         Tloc           0%         N/A       99%         2
 Momentum Strike          Conj/Tloc      0%         3d8       99%         2
 Passwall                 Tmut/Erth      0%         N/A       99%         2
 Searing Ray              Conj           0%         2d4       99%         2
 Static Discharge         Conj/Air       0%         2-2/arc   99%         2
 Wereblood                Tmut           0%         N/A       99%         2
 Borgnjor's Vile Clutch   Necr/Erth      9%         N/A       99%         5
 Confusing Touch          Hex            0%         N/A       100%        3
 Dazzling Flash           Conj/Hex       0%         N/A       100%        3
 Frozen Ramparts          Ice            0%         1d1       100%        3
 Gell's Gravitas          Tloc           0%         N/A       100%        3
 Hailstorm                Conj/Ice       0%         3d3       100%        3
 Ignite Poison            Fire/Tmut/Pois 0%         N/A       100%        3
 Inner Flame              Hex/Fire       0%         N/A       100%        3
 Mephitic Cloud           Conj/Pois/Air  0%         N/A       100%        3
 Ozocubu's Armour         Ice            0%         N/A       100%        3
 Stone Arrow              Conj/Erth      0%         3d7       100%        3
 Swiftness                Air            0%         N/A       100%        3
 Teleport Other           Tloc           0%         N/A       100%        3
 Volatile Blastmotes      Fire/Tloc      0%         2d10      100%        3
 Airstrike                Air            0%         2d(0-16)  100%        4
 Brom's Barrelling Bould  Conj/Erth      0%         2d3       100%        4
 Cause Fear               Hex            0%         N/A       100%        4
 Fulminant Prism          Conj/Hex       0%         3d5       100%        4
 Iskenderun's Mystic Bla  Conj/Tloc      0%         2d3       100%        4
 Leda's Liquefaction      Hex/Erth       0%         N/A       100%        4
 Manifold Assault         Tloc           0%         N/A       100%        4
 Olgreb's Toxic Radiance  Pois           0%         N/A       100%        4
 Petrify                  Tmut/Erth      0%         N/A       100%        4
 Sticky Flame             Conj/Fire      0%         2d3       100%        4
 Vhi's Electric Charge    Tloc/Air       0%         N/A       100%        4
 Alistair's Intoxication  Tmut/Pois      0%         N/A       100%        5
 Arcjolt                  Conj/Air       0%         1d10      100%        5
 Fireball                 Conj/Fire      0%         3d3       100%        5
 Freezing Cloud           Conj/Ice/Air   0%         6-21      100%        5
 Irradiate                Conj/Tmut      0%         3d11      100%        5
 Lee's Rapid Deconstruct  Erth           0%         3d4*      100%        5
 Metabolic Englaciation   Hex/Ice        0%         N/A       100%        5
 Silence                  Hex/Air        0%         N/A       100%        5
 Conjure Ball Lightning   Conj/Air       0%         3x3d6     100%        6
 Dispersal                Tloc           0%         N/A       100%        6
 Eringya's Noxious Bog    Tmut/Pois      0%         4d6       100%        6
 Leda's Unmaking          Conj/Erth      0%         9d1       100%        6
 Plasma Beam              Fire/Air       0%         2x1d10    100%        6
 Starburst                Conj/Fire      0%         6d3       100%        6
 Enfeeble                 Hex            0%         N/A       100%        7
 Borgnjor's Revivificati  Necr           19%        N/A       100%        8
 Discord                  Hex            0%         N/A       100%        8
 Disjunction              Tloc           0%         N/A       100%        8
 Ignition                 Fire           0%         3d3       100%        8
 Lehudib's Crystal Spear  Conj/Erth      0%         10d2      100%        8
 Maxwell's Capacitive Co  Air            0%         ∞         100%        8
 Death's Door             Necr           19%        N/A       100%        9
 Fire Storm               Conj/Fire      0%         5d1       100%        9
 Polar Vortex             Ice            0%         N/A       100%        9
 Death Channel            Necr           Unusable   N/A       N/A         6
 Summon Guardian Golem    Hex/Summ       Unusable   N/A       N/A         3
 Tukima's Dance           Hex            Unusable   N/A       N/A         3
 Animate Armour           Summ/Erth      Unusable   N/A       N/A         4
 Summon Lightning Spire   Summ/Air       Unusable   N/A       N/A         4
 Summon Forest            Summ/Tloc      Unusable   N/A       N/A         5
 Simulacrum               Ice/Necr       Unusable   N/A       N/A         6
 Haunt                    Necr/Summ      Unusable   N/A       N/A         7
 Spellforged Servitor     Conj/Summ      Unusable   N/A       N/A         7
 Summon Hydra             Summ           Unusable   N/A       N/A         7
 Dragon's Call            Summ           Unusable   N/A       N/A         9

Dungeon Overview and Level Annotations

Branches:
Dungeon (15/15)            Temple (1/1) D:7            Lair (5/5) D:9
 Shoals (4/4) Lair:2        Snake (4/4) Lair:3        Slime (0/5) Lair:5
    Orc (2/2) D:9             Elf (3/3) Orc:2        Vaults (5/5) D:14
  Crypt (3/3) Vaults:3       Tomb (0/3) Crypt:3      Depths (4/4) D:15
    Zot (5/5) Depths:4      IceCv (visited)         Volcano (visited)
 WizLab (visited)         Desolation (visited)

Altars:
Ashenzari
Cheibriados
Dithmenos
Elyvilon
Fedhas
Gozag
Hepliaklqana
Kikubaaqudgha
Makhleb
Nemelex Xobeh
Okawaru
Qazlal
Ru
Sif Muna
Trog
Uskayaw
Vehumet
Wu Jian
Xom
Yredelemnul
Zin
The Shining One
Jiyva
Lugonu

Shops:
D:2 =*[*   D:12 (*=   Orc:2 *:*[(   Elf:2 ?   Elf:3 :=((   Shoals:3 [
Shoals:4 :   Vaults:2 ?   Vaults:3 [   Vaults:5 ?!   Depths:1 !   Depths:2 *:[

Portals:
Hell: Depths:1 Depths:2 Depths:3 Depths:4
Abyss: Depths:2 Depths:3
Pandemonium: Depths:2 Depths:3
Ziggurat: Depths:4

Annotations:
D:14 1 runed translucent door
Snake:3 6 transporters
Elf:2 5 runed translucent doors
Crypt:2 9 runed translucent doors
Depths:3 2 transporters, Grunn


Innate Abilities, Weirdness & Mutations

You have a pair of horns on your head.
You reflexively headbutt those who attack you in melee.
You have a somewhat thin skeletal structure. (Dex +2, Stealth+)
You have supernaturally acute eyesight. (SInv)
Your mind is acute. (Int +4, Str/Dex -1)
You have great hidden genetic potential.


Message History

You kill the orange demon!
Okawaru accepts your kill. The cacodemon gestures at you.
The bolt of energy hits you but does no damage.
You reach to attack!
You impale the cacodemon!!
The cacodemon is moderately wounded.
You reach to attack!
You closely miss the cacodemon.
The cacodemon is moderately wounded.
The cacodemon gestures next to you.
Some rock shatters into small pieces.
You reach to attack!
You puncture the cacodemon!
The cacodemon is moderately wounded.
You reach to attack!
You closely miss the cacodemon.
The cacodemon is moderately wounded.
You barely miss the cacodemon.
You headbutt the cacodemon, but do no damage.
The cacodemon is moderately wounded.
You closely miss the cacodemon.
The cacodemon is moderately wounded.
The cacodemon gestures at you.
The bolt of energy hits you but does no damage.
You reach to attack!
You puncture the cacodemon!
The cacodemon is heavily wounded.
You reach to attack!
You skewer the cacodemon like a kebab!!!
The cacodemon is almost dead.
You reach to attack!
You puncture the cacodemon!
The cacodemon is almost dead.
You reach to attack!
You hit the cacodemon but do no damage.
The cacodemon is almost dead.
You reach to attack!
You impale the cacodemon!!
You kill the cacodemon!
Okawaru accepts your kill.
No target in view!
There is an open door here.
You open the door.
There is an open door here.
There is an open door here.
There is a staircase leading out of the dungeon here.
You have escaped!

............# #.##......
............# #.########
............# ###.#.......
............# #...#.####..
............# #.###...##.#
.....)############## #.#...#.##..
.............#.....###.###...####
#####........#.#'#.#.....########
#..........#@#.#.#.#.#.....÷.
#########..#+#.#...#.#.#####.
#.....)#####.#.# #.
######.......#.# #. #.#######.#
#. #...##....# #. ######.######
#. #### ####......###.
...############### #.....#.......


There were no monsters in sight!

Vanquished Creatures
  2 dread liches
  Tiamat (Zot:4)
  3 ancient liches
  Mara (Depths:2)
  7 orbs of fire (Zot:5)
  A juggernaut (Depths:4)
  Sojobo (Depths:2)
  Josephina (Depths:3)
  A curse toe (Zot:1)
  2 Killer Klowns (Zot:5)
  A caustic shrike (shapeshifter) (Zot:3)
  4 caustic shrikes (Depths:4)
  A golden dragon (shapeshifter) (Zot:3)
  The ghost of Pimiptod the Executioner, an adept MiFi of the Shining One (Crypt:1)
  13 golden dragons
  A bone dragon (Crypt:3)
  3 electric golems
  A Brimstone Fiend (D:8)
  14 tentacled monstrosities
  5 liches
  25 Orb Guardians
  2 deep elf blademasters (Elf:3)
  A Hell Sentinel (D:6)
  7 quicksilver dragons
  Rupert (D:15)
  4 titans
  8 sphinxes
  2 deep elf master archers (Elf:3)
  A kraken (Shoals:3)
  2 titans (shapeshifter) (Zot:3)
  An acid blob (shapeshifter) (Zot:3)
  Gastronok (D:11)
  An acid blob (WizLab)
  7 death cobs
  The ghost of frimble the Warmonger, an adept DsGl of Okawaru (Depths:3)
  13 storm dragons
  8 tengu reavers
  12 shadow dragons
  A revenant (Crypt:2)
  7 nagarajas
  Kirke (D:12)
  10 draconian monks
  Ilsuiw (Shoals:4)
  5 draconian knights
  13 fire giants
  9 frost giants
  9 deep elf sorcerers
  A fire giant (shapeshifter) (Zot:3)
  3 imperial myrmidons (Desolation)
  18 vault wardens
  4 ghost moths
  5 iron dragons
  3 orc warlords
  5 draconian scorchers
  2 balrugs
  A curse skull (Crypt:2)
  A cacodemon (D:1)
  8 deep elf elementalists (Elf:3)
  3 draconian shifters
  4 ghouls
  20 ironbound preservers
  A reaper (Depths:1)
  2 draconian stormcallers (Zot:3)
  7 war gargoyles
  6 draconian annihilators
  3 formless jellyfish
  18 very ugly things
  13 stone giants
  A juggernaut skeleton (Crypt:3)
  10 ironbound thunderhulks
  8 deep elf demonologists
  Nessos (Lair:3)
  5 vampire knights
  11 black draconians
  3 demonspawn corrupters (WizLab)
  9 green draconians
  19 dire elephants
  The ghost of Zoekh the Fighter, a journeyman DsCK of Xom (Lair:4)
  A lorocyproca (Zot:3)
  10 white draconians
  9 purple draconians
  7 red draconians
  A halazid warlock (Desolation)
  8 deep elf annihilators
  8 yellow draconians
  7 eidola
  9 deep elf death magi
  16 ettins
  A blizzard demon (Depths:2)
  3 entropy weavers
  6 crystal guardians
  A fire dragon (shapeshifter) (Depths:4)
  7 merfolk impalers
  5 ragged hierophants (Desolation)
  23 slime creatures
  5 deep elf high priests
  10 jiangshi
  5 merfolk javelineers
  Fannar (D:12)
  16 fire dragons
  5 great orbs of eyes
  4 rakshasas
  2 spriggan zombies (Crypt:3)
  33 vault guards
  8 servants of whispers (Desolation)
  21 ice dragons
  6 yaktaur captains
  9 hydras
  An ogre mage (Vaults:4)
  9 peacekeepers
  24 centaur warriors
  5 salamander tyrants
  8 boulder beetles
  11 ironbound frosthearts
  7 anacondas
  3 spriggan air magi
  A death knight (Crypt:1)
  A juggernaut simulacrum (Depths:3)
  A satyr (Shoals:3)
  9 merfolk aquamancers
  2 merfolk avatars
  A radroach (shapeshifter) (Zot:3)
  4 two-headed ogres
  18 naga warriors
  4 orc high priests
  3 tengu warriors
  3 deep troll earth magi
  A bennu zombie (Crypt:1)
  A hell hog (Volcano)
  3 deep troll shamans
  2 titan zombies (Crypt:3)
  5 vampire magi
  14 dancing weapons
  4 death yaks (IceCv)
  6 spriggan berserkers
  12 naga sharpshooters
  11 sun demons
  9 shock serpents
  11 hell knights
  3 skysharks
  8 deep elf knights
  A shadow wraith (D:14)
  A sixfirhy (Depths:1)
  A titan skeleton (Vaults:4)
  5 iron trolls
  6 salamander mystics
  20 skeletal warriors
  A goliath frog (shapeshifter) (Vaults:5)
  An anaconda zombie (Crypt:2)
  A bunyip zombie (Crypt:2)
  46 deep trolls
  3 glowing orange brains
  A swamp dragon (shapeshifter) (Zot:1)
  10 sea snakes
  A flayed ghost (Depths:2)
  A golden dragon zombie (Crypt:3)
  A shadow demon (D:11)
  A bog body (Crypt:1)
  8 deep elf archers
  2 spriggan druids (WizLab)
  An obsidian statue (Volcano)
  15 wizards
  A swamp dragon (Zot:4)
  23 ironbound convokers
  8 harpies
  A tengu zombie (Vaults:3)
  7 naga ritualists
  17 necromancers
  13 lindwurms
  15 mana vipers
  7 phantasmal warriors
  20 manticores
  4 orc knights (Orc:2)
  A sphinx simulacrum (Depths:3)
  A shadow dragon skeleton (Vaults:3)
  26 deep elf pyromancers
  5 cyclopes
  19 deep elf zephyrmancers
  6 orc sorcerers
  41 ugly things
  A wolf spider (shapeshifter) (Vaults:5)
  2 wolf spiders (D:14)
  9 fauns
  A faun (shapeshifter) (Zot:3)
  4 worldbinders (WizLab)
  A fire giant zombie (Vaults:3)
  11 merfolk sirens
  4 oklob plants
  Maurice (Orc:1)
  16 salamanders
  6 elephants (Lair:3)
  27 moths of wrath
  9 naga magi
  A titan simulacrum (Vaults:4)
  An eye of devastation (Depths:4)
  3 guardian serpents
  2 torpor snails
  A stone giant skeleton (Crypt:3)
  A dire elephant zombie (Crypt:3)
  7 molten gargoyles
  8 water nymphs
  44 black mambas
  2 rust devils (Depths:2)
  5 gargoyles
  An ice statue (IceCv)
  19 vault sentinels
  2 orange demons
  2 dire elephant skeletons
  15 cane toads
  A red draconian zombie (Crypt:1)
  A hellion (Depths:4)
  2 freezing wraiths
  18 komodo dragons
  Jeremiah (Lair:1)
  6 rime drakes
  8 yaktaurs
  A kobold demonologist (D:14)
  A tormentor (D:12)
  An unseen horror (D:13)
  An efreet (D:15)
  A tengu conjurer (D:15)
  2 yaktaur skeletons (Vaults:3)
  An ice devil (Depths:2)
  8 trolls
  2 harpy zombies (Crypt:3)
  11 polar bears
  A meliai (D:14)
  24 merfolk
  7 wind drakes
  4 hornets (Depths:3)
  A moth of wrath zombie (Crypt:2)
  A jumping spider zombie (Crypt:1)
  43 saltlings (Desolation)
  A frost giant simulacrum (Depths:3)
  13 dream sheep
  A harpy skeleton (Crypt:3)
  5 snapping turtles
  A jumping spider (Vaults:1)
  A fire giant simulacrum (Depths:3)
  19 flying skulls
  4 spriggans (Depths:3)
  A culicivora (shapeshifter) (Vaults:5)
  2 wyverns
  An ettin skeleton (Crypt:2)
  3 air elementals
  5 hogs (D:12)
  10 wraiths
  A slime creature zombie (Crypt:2)
  15 water elementals
  3 yaks (shapeshifter)
  A vampire (D:12)
  48 yaks
  A human (D:12)
  A steam dragon (shapeshifter) (Depths:4)
  15 fire bats
  2 fire elementals
  2 basilisks
  2 steam dragons
  A black mamba skeleton (Crypt:3)
  A chaos spawn (Depths:2)
  10 vampire mosquitoes
  44 nagas
  3 wargs (Orc:2)
  3 acid dragons
  6 hell hounds
  18 water moccasins
  2 floating eyes
  A naga skeleton (Crypt:3)
  2 black bears
  3 ice beasts
  36 orc warriors
  2 sky beasts
  A swamp drake (D:9)
  An elf simulacrum (Vaults:4)
  34 wolves
  7 boggarts
  16 centaurs
  3 ogres
  A blink frog skeleton (Crypt:2)
  A phantom (D:4)
  2 gnoll sergeants
  A kobold brigand (D:8)
  9 bullfrogs
  2 necrophages (Crypt:3)
  A komodo dragon skeleton (Crypt:1)
  5 scorpions
  2 earth elementals
  5 wights (D:7)
  A raiju zombie (Crypt:1)
  7 electric eels
  7 howler monkeys
  8 lava snakes
  4 crimson imps (D:9)
  A wolf skeleton (Crypt:1)
  3 hounds
  A jelly (D:8)
  25 orc priests
  3 iguanas
  A gnoll bouda (D:5)
  26 orc wizards
  Robin (D:3)
  15 gnolls
  12 adders
  A shadow imp (D:7)
  A white imp (D:7)
  An ufetubus (D:5)
  3 worms
  3 dart slugs
  72 orcs
  7 ball pythons
  3 bats
  7 endoplasms
  4 giant cockroaches
  9 hobgoblins
  4 jackals (D:2)
  3 quokkas
  A ball python skeleton (Crypt:2)
  4 frilled lizards
  A frilled lizard skeleton (Crypt:1)
  15 goblins
  A goblin skeleton (Crypt:1)
  17 kobolds
  A quokka skeleton (Crypt:2)
  8 rats
2222 creatures vanquished.

Vanquished Creatures (others)
  A draconian knight (Zot:4)
  A stone giant (Zot:1)
  2 manticores
  A black mamba (Snake:1)
  A molten gargoyle (Desolation)
  A blink frog (shapeshifter) (Elf:1)
  A water elemental (Elf:1)
  An orc wizard (Elf:1)
  An orc (Elf:1)
  4 tentacles (Shoals:3)
14 creatures vanquished.

Grand Total: 2236 creatures vanquished

Notes
Turn   | Place    | Note
-------+----------+-------------------------------------------
     0 | D:1      | MrSquiggles the Minotaur Fighter began the quest for the
                  | Orb.
     0 | D:1      | Reached XP level 1. HP: 19/19 MP: 0/0
    32 | D:1      | Reached XP level 2. HP: 24/26 MP: 1/1
   317 | D:1      | Found a faded altar of an unknown god.
   368 | D:1      | Reached XP level 3. HP: 31/31 MP: 2/2
   848 | D:2      | Found Lano's Assorted Antiques.
   881 | D:2      | Found Qish's Armour Boutique.
   906 | D:2      | Found Qiepp's Assorted Antiques.
   911 | D:2      | Reached skill level 5 in Polearms
   973 | D:2      | Reached XP level 4. HP: 34/39 MP: 3/3
  1153 | D:2      | Found Hul Teek's Jewellery Shop.
  1696 | D:3      | Noticed Robin
  1717 | D:3      | Reached XP level 5. HP: 38/45 MP: 4/4
  1721 | D:3      | Killed Robin
  1891 | D:3      | Found a hazy altar of Hepliaklqana.
  1891 | D:3      | Found an ancient bone altar of Kikubaaqudgha.
  2494 | D:4      | Reached XP level 6. HP: 19/51 MP: 5/5
  2786 | D:4      | Identified the ring of Lateeg {rF+ MP+9 Dex+2}
  3232 | D:5      | Entered Level 5 of the Dungeon
  3383 | D:5      | Reached XP level 7. HP: 57/57 MP: 6/6
  3392 | D:5      | Found a broken altar of Ashenzari.
  3772 | D:5      | Reached skill level 10 in Polearms
  3835 | D:5      | Found a glowing golden altar of the Shining One.
  4074 | D:5      | Identified the +1 ring mail of Ugiguukh {Stlth+}
  4084 | D:5      | Found a stormy altar of Qazlal.
  4085 | D:5      | Noticed an air elemental
  4086 | D:5      | Noticed a water elemental
  4086 | D:5      | Noticed a fire elemental
  4132 | D:5      | Found a sparkling altar of Nemelex Xobeh.
  4331 | D:6      | Reached XP level 8. HP: 51/64 MP: 7/7
  4955 | D:6      | Found a blossoming altar of Fedhas.
  4980 | D:6      | Found the Hermit's Pendant {Faith Invo=14 Evo=0 MP+5}
  5265 | D:6      | Learned a level 2 spell: Blink
  5286 | D:6      | You fall into a shaft and drop 1 floor!
  5312 | D:7      | Found a shimmering blue altar of Sif Muna.
  5530 | D:7      | Identified the +1 robe of Courage {Will+}
  5631 | D:7      | Reached skill level 1 in Throwing
  5631 | D:7      | Reached XP level 9. HP: 51/70 MP: 18/18
  5902 | D:7      | Found a staircase to the Ecumenical Temple.
  5933 | Temple   | Entered the Ecumenical Temple
  5943 | Temple   | Became a worshipper of Warmaster Okawaru
  6732 | D:8      | Noticed a two-headed ogre
  6741 | D:8      | Killed a two-headed ogre
  6741 | D:8      | Reached * piety under Okawaru
  6949 | D:8      | Reached ** piety under Okawaru
  7145 | D:8      | Found a hide-covered altar of Uskayaw.
  7447 | D:9      | Reached XP level 10. HP: 74/77 MP: 19/19
  7457 | D:9      | Reached *** piety under Okawaru
  7471 | D:9      | Reached skill level 1 in Dodging
  7559 | D:9      | Noticed a two-headed ogre
  7570 | D:9      | Killed a two-headed ogre
  7570 | D:9      | Reached **** piety under Okawaru
  7571 | D:9      | Reached skill level 5 in Fighting
  7663 | D:9      | Reached skill level 5 in Armour
  7931 | D:9      | Reached ***** piety under Okawaru
  7965 | D:9      | Found a staircase to the Orcish Mines.
  8058 | D:9      | Found an opulent altar of Gozag.
  8058 | D:9      | Found an ornate altar of the Wu Jian Council.
  8195 | D:9      | Found a shimmering altar of Xom.
  8256 | D:9      | Found a white marble altar of Elyvilon.
  8291 | D:9      | Found a staircase to the Lair.
  8548 | D:2      | Bought a +3 plate armour of cold resistance for 585 gold
                  | pieces
  8692 | D:9      | Gained mutation: Your body sometimes deteriorates upon
                  | taking damage. [potion of mutation]
  8692 | D:9      | Gained mutation: You are agile. (Dex +4, Str/Int -1)
                  | [potion of mutation]
  8693 | D:9      | Lost mutation: Your body sometimes deteriorates upon taking
                  | damage. [potion of mutation]
  8693 | D:9      | Lost mutation: You are agile. (Dex +4, Str/Int -1) [potion
                  | of mutation]
  8693 | D:9      | Gained mutation: Your system is resistant to poisons.
                  | (rPois) [potion of mutation]
  8693 | D:9      | Gained mutation: Your mind is acute. (Int +4, Str/Dex -1)
                  | [potion of mutation]
  8699 | D:9      | Learned a level 4 spell: Passage of Golubria
  8701 | D:10     | Entered Level 10 of the Dungeon
  8704 | D:10     | Found a burning altar of Makhleb.
  8785 | D:10     | Reached skill level 5 in Dodging
  8968 | D:10     | Reached XP level 11. HP: 46/92 MP: 20/20
  9800 | Lair:1   | Entered Level 1 of the Lair of Beasts
  9801 | Lair:1   | Noticed Jeremiah
  9814 | Lair:1   | Killed Jeremiah
 10679 | Lair:2   | Received a gift from Okawaru
 10889 | Lair:2   | Found a staircase to the Shoals.
 11687 | Lair:3   | Noticed Nessos
 11739 | Lair:3   | Killed Nessos
 11965 | Lair:3   | Reached XP level 12. HP: 102/106 MP: 21/21
 11970 | Lair:3   | Reached skill level 10 in Fighting
 11988 | Lair:3   | Received a gift from Okawaru
 11989 | Lair:3   | Reached skill level 10 in Armour
 12017 | Lair:3   | Found a staircase to the Snake Pit.
 12362 | Lair:3   | Noticed a five-headed hydra
 12369 | Lair:3   | Killed a five-headed hydra
 12546 | Lair:3   | Reached ****** piety under Okawaru
 12552 | Lair:3   | Acquired the +6 demon trident "Nuamm" {pain, rPois rF+
                  | SInv}
 12552 | Lair:3   | Received a gift from Okawaru
 12554 | Lair:3   | Acquired the +9 gold dragon scales of the Fifty Geomancers
                  | {rPois rF+ rC+ Will- Regen+ Dex+3 Slay+4}
 12554 | Lair:3   | Received a gift from Okawaru
 12945 | Lair:4   | Received a gift from Okawaru
 12962 | Lair:4   | Noticed Zoekh's ghost (journeyman DsCK)
 12969 | Lair:4   | Noticed a seven-headed hydra
 12986 | Lair:4   | Found a runed translucent gate.
 12986 | Lair:4   | Found a runed translucent gate.
 12986 | Lair:4   | Found a runed translucent gate.
 13040 | Lair:4   | Found a dark tunnel.
 13049 | Volcano  | Entered a volcano
 13168 | Volcano  | Noticed a fire dragon
 13171 | Volcano  | Reached skill level 10 in Dodging
 13193 | Volcano  | Killed a fire dragon
 13199 | Volcano  | Found a burning altar of Makhleb.
 13205 | Volcano  | Noticed a hell hog
 13211 | Volcano  | Killed a hell hog
 13211 | Volcano  | Received a gift from Okawaru
 13657 | Lair:4   | Reached XP level 13. HP: 100/118 MP: 22/22
 13935 | Lair:4   | Killed Zoekh's ghost
 13998 | Lair:5   | Entered Level 5 of the Lair of Beasts
 14005 | Lair:5   | Received a gift from Okawaru
 14111 | Lair:5   | Identified the amulet "Quggafi" {Reflect rElec rCorr SH+5}
 14254 | Lair:5   | Identified the +1 leather armour of the Armoured One {*Slow
                  | Int+6 Stlth+}
 14322 | Lair:5   | Received a gift from Okawaru
 14362 | Lair:5   | Reached skill level 1 in Invocations
 14409 | Arena    | Entered the Arena
 14612 | Lair:5   | Reached skill level 5 in Invocations
 14618 | Lair:5   | Found a viscous altar of Jiyva.
 14618 | Lair:5   | Found a staircase to the Slime Pits.
 14640 | Lair:5   | HP: 5/122 [oklob plant/splash of acid (22)]
 14891 | Lair:5   | Received a gift from Okawaru
 15157 | Lair:5   | Reached XP level 14. HP: 119/129 MP: 18/18
 15170 | Lair:5   | Found a large runed translucent door.
 15176 | Lair:5   | Found a large runed translucent door.
 15551 | Lair:5   | Identified the +1 broad axe of Division {antimagic, rPois
                  | rN+++ Will+ Str-3}
 15759 | Orc:1    | Entered Level 1 of the Orcish Mines
 15906 | Orc:1    | Noticed Maurice
 15917 | Orc:1    | Killed Maurice
 15918 | Orc:1    | Found a frozen archway.
 15946 | IceCv    | Entered an ice cave
 16166 | IceCv    | Reached skill level 1 in Evocations
 16305 | IceCv    | Noticed a frost giant
 16320 | IceCv    | Killed a frost giant
 16388 | IceCv    | Got a foxed book
 16968 | Orc:2    | Entered Level 2 of the Orcish Mines
 17130 | Orc:2    | Found a staircase to the Elven Halls.
 17167 | Orc:2    | Found Eseun's Overcharged Wands.
 17502 | Orc:2    | Paralysed by an orc sorcerer for 2 turns
 17517 | Orc:2    | Reached skill level 1 in Necromancy
 17526 | Orc:2    | Noticed an orc warlord
 17545 | Orc:2    | Killed an orc warlord
 17595 | Orc:2    | Paralysed by an orc sorcerer for 3 turns
 17672 | Orc:2    | Found Iclom's Antique Armour Shop.
 17673 | Orc:2    | Found Uqivo's Antique Weapon Boutique.
 17675 | Orc:2    | Found Capull's General Store.
 17675 | Orc:2    | Found Coh Qil's Book Shop.
 17822 | Orc:2    | Bought a glowing cloak for 247 gold pieces
 18062 | D:2      | Bought the ring "Xostry" {Will+ Int+2 Slay+4 Stlth+} for
                  | 1073 gold pieces
 18294 | Orc:2    | Bought a scroll of immolation for 68 gold pieces
 18294 | Orc:2    | Bought a potion of might for 68 gold pieces
 18884 | D:11     | Noticed Gastronok
 18899 | D:11     | Killed Gastronok
 19087 | D:12     | Found Tusaz's Antique Weapon Shoppe.
 19087 | D:12     | Found Duaneen's Assorted Antiques.
 19087 | D:12     | Found Qogoeddo's Jewellery Shoppe.
 19147 | D:12     | Found a radiant altar of Vehumet.
 19188 | D:12     | Noticed Kirke
 19194 | D:12     | Killed Kirke
 19195 | D:12     | Reached XP level 15. HP: 139/139 MP: 17/20
 19342 | D:12     | Got a peculiar book
 19358 | D:12     | Noticed Fannar
 19372 | D:12     | Received a gift from Okawaru
 19379 | D:12     | Killed Fannar
 19442 | D:12     | Found the +8 frozen axe "Frostbite" {freeze, freezing
                  | cloud, *Noise Fly rC+}
 20405 | D:14     | Reached skill level 5 in Evocations
 20467 | D:14     | Received a gift from Okawaru
 20544 | D:14     | Reached skill level 5 in Necromancy
 20559 | D:14     | Reached skill level 15 in Fighting
 20674 | D:14     | Found a runed translucent door.
 20674 | D:14     | Found a runed translucent door.
 20674 | D:14     | Found the +2 shield of Resistance {rF++ rC++ Will++}
 20823 | D:14     | Identified the +4 battleaxe of Pelufil {freeze, *Noise
                  | Int+9 Dex+4 Stlth-}
 20823 | D:14     | Identified the +0 pair of boots "Garetsou" {Str+2 Dex+6}
 20832 | D:14     | Received a gift from Okawaru
 20836 | D:14     | Reached skill level 15 in Armour
 21128 | D:14     | Found a gate to the Vaults.
 21253 | D:15     | Entered Level 15 of the Dungeon
 21292 | D:15     | Noticed Rupert
 21299 | D:15     | Killed Rupert
 21299 | D:15     | Received a gift from Okawaru
 21423 | D:15     | Reached XP level 16. HP: 149/149 MP: 21/21
 21459 | D:15     | Found the +5 glaive of the Guard {elec, spectral}
 21601 | D:15     | Received a gift from Okawaru
 21687 | D:15     | Found a staircase to the Depths.
 22384 | Snake:1  | Entered Level 1 of the Snake Pit
 23238 | Snake:1  | Found a runed translucent door.
 23653 | Snake:1  | Received a gift from Okawaru
 23811 | Snake:1  | Got a fuliginous book
 23960 | Snake:2  | Reached skill level 15 in Dodging
 24355 | Snake:2  | Received a gift from Okawaru
 24394 | Snake:2  | Reached skill level 10 in Necromancy
 24874 | Snake:3  | Found a transporter.
 24877 | Snake:3  | Found a transporter.
 25111 | Snake:3  | Received a gift from Okawaru
 25230 | Snake:3  | Identified the +8 flail of Eloerph {heavy, MP+9}
 25310 | Snake:3  | Found a transporter.
 25312 | Snake:3  | Found a transporter.
 25438 | Snake:3  | Reached XP level 17. HP: 156/156 MP: 22/22
 25505 | Snake:3  | Found a transporter.
 25518 | Snake:3  | Found a transporter.
 25757 | Snake:4  | Entered Level 4 of the Snake Pit
 26307 | Snake:4  | Received a gift from Okawaru
 26537 | Snake:4  | Reached skill level 10 in Throwing
 26997 | Snake:4  | Got a serpentine rune of Zot
 27218 | Shoals:1 | Entered Level 1 of the Shoals
 27226 | Shoals:1 | Received a gift from Okawaru
 27239 | Shoals:1 | Identified the +1 robe of Royl Ubo {Slay+3}
 27261 | Shoals:1 | Reached skill level 5 in Shields
 28100 | Shoals:2 | Received a gift from Okawaru
 28568 | Shoals:2 | Reached XP level 18. HP: 163/163 MP: 23/23
 29169 | Shoals:3 | Found Coddept's Armour Shoppe.
 29792 | Shoals:4 | Entered Level 4 of the Shoals
 29802 | Shoals:4 | Reached skill level 10 in Shields
 29812 | Shoals:4 | Received a gift from Okawaru
 29897 | Shoals:4 | Noticed Ilsuiw
 29937 | Shoals:4 | Killed Ilsuiw
 30365 | Shoals:4 | Found Hiesteug's Book Shoppe.
 30469 | Shoals:4 | Got a barnacled rune of Zot
 30655 | Shoals:4 | Found a blossoming altar of Fedhas.
 30846 | Shoals:4 | Identified the +1 storm dragon scales of Engiegan {rElec
                  | rN+ Will+ Str-3}
 31641 | Elf:1    | Entered Level 1 of the Elven Halls
 31641 | Elf:1    | Found a runed translucent gate.
 31641 | Elf:1    | Found a runed translucent gate.
 31641 | Elf:1    | Found a runed translucent gate.
 31641 | Elf:1    | Found a runed translucent gate.
 31641 | Elf:1    | Found a runed translucent gate.
 31641 | Elf:1    | Found a runed translucent gate.
 31642 | Elf:1    | Found a runed translucent door.
 31664 | Elf:1    | Found a runed translucent door.
 31717 | Elf:1    | Identified a scroll of acquirement
 31730 | Elf:1    | Acquired 1181 gold pieces
 31768 | Elf:1    | Gained mutation: Your magical capacity is low. (-10% MP) [a
                  | neqoxec]
 31828 | Elf:1    | Reached skill level 15 in Shields
 31864 | Elf:1    | Received a gift from Okawaru
 32492 | Elf:1    | Paralysed by an air elemental for 1 turns
 32644 | Elf:2    | Reached XP level 19. HP: 170/170 MP: 22/22
 32645 | Elf:2    | Found a huge runed translucent gate.
 32645 | Elf:2    | Found a huge runed translucent gate.
 32645 | Elf:2    | Found a huge runed translucent gate.
 32645 | Elf:2    | Found a huge runed translucent gate.
 32647 | Elf:2    | Found a huge runed translucent gate.
 32649 | Elf:2    | Identified the +3 long sword of Butuy {antimagic, rF+
                  | Int+5}
 32794 | Elf:2    | Found Jaawnoox's Magic Scroll Emporium.
 32816 | Elf:2    | Bought a scroll of blinking for 82 gold pieces
 32816 | Elf:2    | Bought a scroll of blinking for 82 gold pieces
 33044 | Elf:3    | Entered Level 3 of the Elven Halls
 33176 | Elf:3    | Found Yhemul's Weapon Emporium.
 33178 | Elf:3    | Found Feta Fosku's Antique Weapon Shoppe.
 33180 | Elf:3    | Found Esiepno's Jewellery Emporium.
 33274 | Elf:3    | Found Juan's Book Emporium.
 33660 | Elf:3    | Identified the ring of Yruf {rPois rF- Will+ Dex+5}
 33678 | Elf:3    | Received a gift from Okawaru
 33767 | Elf:3    | Received a gift from Okawaru
 33817 | Elf:3    | Reached skill level 10 in Evocations
 33838 | Elf:3    | Identified the +4 flail of Pilewnof {speed, rN+}
 33848 | Elf:3    | Identified the +5 flail "Pycio" {vamp, rF+ rN+}
 33848 | Elf:3    | Identified the ring of Apnix {rN+ EV+5 Int-4 SInv}
 33853 | Elf:3    | Noticed a Brimstone Fiend
 33943 | Elf:3    | Identified the amulet of the Equinox {Faith rPois Str-4
                  | Dex+4}
 34052 | Elf:3    | Got a disorganized book
 34076 | Elf:3    | Identified the +1 pair of gloves of the King of the Hill
                  | {Slay+2 SInv}
 34134 | Elf:3    | Acquired 954 gold pieces
 34458 | Vaults:1 | Entered Level 1 of the Vaults
 34805 | Vaults:1 | Received a gift from Okawaru
 35266 | Vaults:1 | Received a gift from Okawaru
 35549 | Vaults:1 | Reached XP level 20. HP: 182/182 MP: 23/23
 36258 | Vaults:2 | Received a gift from Okawaru
 36800 | Vaults:2 | Received a gift from Okawaru
 37198 | Vaults:2 | Identified the +10 shortbow of the Poles {drain, rCorr
                  | Str+3 Int-4 Dex+3}
 37219 | Vaults:2 | You fall into a shaft and drop 2 floors!
 37348 | Vaults:3 | Found a crumbling gateway.
 37372 | Desolati | Entered the Desolation of Salt
 37445 | Desolati | Got a curling book
 37446 | Desolati | Identified the ring "Zalunt" {rElec rC++ rCorr Str+3 Dex-4}
 37587 | Desolati | Received a gift from Okawaru
 37750 | Desolati | Identified the ring of Ihar Dounecs {Drain Will+ Int+2
                  | SInv}
 37806 | Desolati | Got a parchment book
 37813 | Desolati | Identified the +1 chain mail "Efaete" {Int+5 Dex+3}
 37936 | Desolati | Got a shiny book
 37949 | Desolati | Got a disorganized book
 38248 | Vaults:3 | Reached XP level 21. HP: 191/204 MP: 23/23
 38363 | Vaults:3 | Received a gift from Okawaru
 38481 | Vaults:3 | Learned a level 3 spell: Vampiric Draining
 38655 | Vaults:3 | Identified the +4 leather armour "Jodagaru" {rPois rC+
                  | Int+6}
 38825 | Vaults:3 | Found Ynyitoig's Armour Shoppe.
 39264 | Vaults:3 | Received a gift from Okawaru
 39499 | Vaults:3 | Found a staircase to the Crypt.
 39574 | Vaults:2 | Found Zozoipn's Magic Scroll Shop.
 39579 | Vaults:2 | Bought a scroll of blinking for 127 gold pieces
 39579 | Vaults:2 | Bought a scroll of fear for 68 gold pieces
 40471 | Vaults:4 | Received a gift from Okawaru
 40579 | Vaults:4 | Got a weird book
 40585 | Vaults:4 | Got a ragged book
 41122 | Depths:1 | Entered Level 1 of the Depths
 41122 | Depths:1 | Found a corrupted altar of Lugonu.
 41362 | Depths:1 | Received a gift from Okawaru
 41649 | Depths:1 | Found a gateway to Hell.
 41906 | Depths:1 | Found Pockoq's Distillery.
 41914 | Depths:1 | Bought a potion of curing for 60 gold pieces
 41914 | Depths:1 | Bought a potion of might for 80 gold pieces
 41914 | Depths:1 | Bought 3 potions of haste for 600 gold pieces
 41914 | Depths:1 | Bought a potion of haste for 200 gold pieces
 41914 | Depths:1 | Bought a potion of haste for 200 gold pieces
 41945 | Depths:2 | Found a one-way gate to the infinite horrors of the Abyss.
 42048 | Depths:2 | Found Ahianol's Self-Published Books.
 42096 | Depths:2 | Noticed Mara
 42110 | Depths:2 | Noticed MrSquiggles's illusion
 42117 | Depths:2 | Killed Mara
 42329 | Depths:2 | Found a transporter.
 42345 | Depths:2 | Found Byimysu's Antique Armour Shoppe.
 42345 | Depths:2 | Noticed Sojobo
 42380 | Depths:2 | Found Nadav Qep's General Store.
 42414 | Depths:2 | Found a transporter.
 42555 | Depths:2 | Reached XP level 22. HP: 215/215 MP: 24/24
 42555 | Depths:2 | Received a gift from Okawaru
 42682 | Depths:2 | Found a one-way gate leading to the halls of Pandemonium.
 42999 | Depths:2 | Paralysed by an air elemental for 1 turns
 43005 | Depths:2 | Paralysed by an air elemental for 1 turns
 43011 | Depths:2 | Paralysed by an air elemental for 1 turns
 43015 | Depths:2 | Killed Sojobo
 43083 | Depths:3 | Noticed Grunn
 43115 | Depths:3 | Found a runed translucent gate.
 43115 | Depths:3 | Found a runed translucent gate.
 43115 | Depths:3 | Found a runed translucent gate.
 43118 | Depths:3 | Noticed frimble's ghost (adept DsGl)
 43143 | Depths:3 | Found a transporter.
 43143 | Depths:3 | Found a transporter.
 43619 | Depths:3 | Identified the ring of Attitude {Ice Str+3}
 43619 | Depths:3 | Noticed Josephina
 43658 | Depths:3 | Killed Josephina
 43682 | Depths:3 | Paralysed by a floating eye for 3 turns
 44041 | Depths:3 | Identified the +1 robe of the Enchanted Forest {*Slow rPois
                  | Stlth+ Archmagi}
 44261 | Depths:3 | Killed frimble's ghost
 44267 | Depths:3 | Got a murmuring book
 44270 | Depths:3 | Identified the +0 cloak "Ismedel" {Dex+3}
 44363 | Depths:4 | Entered Level 4 of the Depths
 44395 | Depths:4 | Received a gift from Okawaru
 44840 | Depths:4 | Noticed a juggernaut
 44847 | Depths:4 | Killed a juggernaut
 44888 | Depths:4 | Received a gift from Okawaru
 44894 | Depths:4 | Noticed a caustic shrike
 44895 | Depths:4 | Noticed a caustic shrike
 44898 | Depths:4 | Noticed a caustic shrike
 44898 | Depths:4 | Noticed a caustic shrike
 44909 | Depths:4 | Killed a caustic shrike
 44913 | Depths:4 | Killed a caustic shrike
 44919 | Depths:4 | Killed a caustic shrike
 44925 | Depths:4 | Killed a caustic shrike
 44983 | Depths:4 | Noticed a golden dragon
 44989 | Depths:4 | Killed a golden dragon
 44994 | Depths:4 | Acquired a manual of Dodging
 45106 | Depths:4 | Found a one-way gateway to a ziggurat.
 45197 | Depths:4 | Found a gate to the Realm of Zot.
 46143 | Crypt:1  | Entered Level 1 of the Crypt
 46164 | Crypt:1  | Found a magical portal.
 46176 | WizLab   | Entered Alistair's Party Mansion
 46194 | WizLab   | Reached skill level 1 in Axes
 46419 | WizLab   | Received a gift from Okawaru
 46477 | WizLab   | Reached skill level 5 in Axes
 46477 | WizLab   | Reached XP level 23. HP: 223/223 MP: 25/25
 46548 | WizLab   | Got a strange book
 46554 | WizLab   | Got an innocuous book
 46638 | WizLab   | Acquired a manual of Invocations
 47106 | Crypt:1  | Found a large runed translucent door.
 47106 | Crypt:1  | Found a large runed translucent door.
 47658 | Crypt:1  | Noticed Pimiptod's ghost (adept MiFi)
 47894 | Crypt:1  | Killed Pimiptod's ghost
 47928 | Crypt:2  | Found a huge runed translucent gate.
 47929 | Crypt:2  | Found a huge runed translucent gate.
 47929 | Crypt:2  | Found a huge runed translucent gate.
 47930 | Crypt:2  | Found a huge runed translucent gate.
 47930 | Crypt:2  | Found a huge runed translucent gate.
 47930 | Crypt:2  | Found a huge runed translucent gate.
 47931 | Crypt:2  | Found a huge runed translucent gate.
 47931 | Crypt:2  | Found a huge runed translucent gate.
 47931 | Crypt:2  | Found a huge runed translucent gate.
 48056 | Crypt:2  | Received a gift from Okawaru
 48266 | Crypt:2  | Reached skill level 10 in Axes
 48844 | Crypt:3  | Entered Level 3 of the Crypt
 49148 | Crypt:3  | Received a gift from Okawaru
 49168 | Crypt:3  | Found a basalt altar of Yredelemnul.
 49168 | Crypt:3  | Noticed an ancient lich
 49189 | Crypt:3  | Killed an ancient lich
 49210 | Crypt:3  | Got an antique book
 49948 | Crypt:3  | Found a staircase to the Tomb.
 50231 | Vaults:5 | Entered Level 5 of the Vaults
 50245 | Vaults:5 | Reached skill level 10 in Invocations
 50245 | Vaults:5 | Received a gift from Okawaru
 50250 | Vaults:5 | Noticed a dread lich
 50285 | Vaults:5 | Killed a dread lich
 50319 | Vaults:5 | Reached XP level 24. HP: 222/231 MP: 26/27
 50471 | Vaults:5 | Noticed an ancient lich
 50488 | Vaults:5 | Killed an ancient lich
 50494 | Vaults:5 | Received a gift from Okawaru
 50672 | Vaults:5 | Identified the +0 dagger of Linearity {venom, rPois}
 51239 | Vaults:5 | Got a vibrating book
 51240 | Vaults:5 | Identified the +1 plate armour of Lesser Demons {Fly SInv
                  | Stlth-}
 51256 | Vaults:5 | Got a silver rune of Zot
 51332 | Vaults:5 | Identified the +2 robe of the Moneychanger {rN+ Regen+
                  | Dex+3}
 51333 | Vaults:5 | Identified the +4 plate armour of Action {Slay+5}
 51386 | Vaults:5 | Found Hunwoz's Distillery.
 51396 | Vaults:5 | Reached skill level 15 in Throwing
 51545 | Vaults:5 | Bought a potion of curing for 66 gold pieces
 51545 | Vaults:5 | Bought a potion of curing for 66 gold pieces
 51600 | Vaults:5 | Identified the +6 mace "Xeatair" {flame, Int+3}
 51656 | Vaults:5 | Found Guiliha's Magic Scroll Boutique.
 51660 | Vaults:5 | Bought a scroll of blinking for 90 gold pieces
 52262 | Zot:1    | Entered Level 1 of the Realm of Zot
 52278 | Zot:1    | Received a gift from Okawaru
 52282 | Zot:1    | Noticed an ancient lich
 52477 | Zot:1    | Killed an ancient lich
 52485 | Zot:1    | Received a gift from Okawaru
 52597 | Zot:1    | Found the +3 pair of mountain boots {steadfast, rC+}
 52613 | Zot:1    | Identified the +5 morningstar of the Supporting Fulmar
                  | {spect, rF- rN+ Int+3}
 53605 | Zot:1    | Identified the +0 leather armour "Zuwuner" {rF++ rC+++
                  | Int-2 Stlth-}
 53848 | Zot:2    | Reached XP level 25. HP: 116/238 MP: 29/29
 53997 | Zot:2    | Reached skill level 15 in Invocations
 54042 | Zot:2    | Received a gift from Okawaru
 54568 | Zot:2    | Reached XP level 26. HP: 246/246 MP: 30/30
 55134 | Zot:3    | a rockslime changed into a juggernaut
 55134 | Zot:3    | Noticed a juggernaut (glowing shapeshifter)
 55144 | Zot:3    | a juggernaut changed into a titan
 55153 | Zot:3    | a shard shrike changed into a juggernaut
 55153 | Zot:3    | Noticed a juggernaut (glowing shapeshifter)
 55155 | Zot:3    | a juggernaut changed into a shard shrike
 55579 | Zot:3    | Received a gift from Okawaru
 56690 | Zot:4    | Received a gift from Okawaru
 56835 | Zot:4    | Found the +4 dragonskin cloak
 56835 | Zot:4    | Noticed Tiamat
 56879 | Zot:4    | Killed Tiamat
 56883 | Zot:4    | Found the +9 sword of Power {lifebolt}
 56887 | Zot:4    | Identified the +6 hand axe of the Badger {flame, rPois rN+
                  | Str-4}
 57022 | Zot:4    | Identified the +3 chain mail of the Elven Halls {Contam
                  | rElec rPois Int+7}
 57479 | Zot:5    | Entered Level 5 of the Realm of Zot
 58679 | Zot:5    | Received a gift from Okawaru
 58680 | Zot:5    | Reached XP level 27. HP: 254/254 MP: 32/32
 58682 | Zot:5    | Noticed an orb of fire
 58684 | Zot:5    | Noticed an orb of fire
 58684 | Zot:5    | Noticed an orb of fire
 58685 | Zot:5    | Noticed an orb of fire
 58899 | Zot:5    | Gained mutation: You are weak. (Str -2) [an orb of fire]
 58900 | Zot:5    | Gained mutation: Your spells are a little harder to cast,
                  | but a little more powerful. [an orb of fire]
 58909 | Zot:5    | Killed an orb of fire
 58916 | Zot:5    | Noticed an orb of fire
 58925 | Zot:5    | Gained mutation: You are very weak. (Str -4) [an orb of
                  | fire]
 58932 | Zot:5    | Killed an orb of fire
 58975 | Zot:5    | Gained mutation: You occasionally shout uncontrollably at
                  | your foes. [an orb of fire]
 58977 | Zot:5    | Killed an orb of fire
 59187 | Zot:5    | Noticed an orb of fire
 59236 | Zot:5    | Noticed an orb of fire
 59239 | Zot:5    | Gained mutation: You are vulnerable to heat. (rF-) [an orb
                  | of fire]
 59256 | Zot:5    | Lost mutation: Your spells are a little harder to cast, but
                  | a little more powerful. [an orb of fire]
 59262 | Zot:5    | Gained mutation: You occasionally lose the ability to read
                  | scrolls when taking damage. [an orb of fire]
 59264 | Zot:5    | Killed an orb of fire
 59266 | Zot:5    | Lost mutation: You occasionally shout uncontrollably at
                  | your foes. [potion of mutation]
 59266 | Zot:5    | Lost mutation: Your system is resistant to poisons. (rPois)
                  | [potion of mutation]
 59266 | Zot:5    | Lost mutation: You occasionally lose the ability to read
                  | scrolls when taking damage. [potion of mutation]
 59266 | Zot:5    | Gained mutation: You are agile. (Dex +4, Str/Int -1)
                  | [potion of mutation]
 59338 | Zot:5    | Gained mutation: You do not regenerate when monsters are
                  | visible. [an orb of fire]
 59343 | Zot:5    | Gained mutation: You sometimes lose your temper in combat.
                  | [an orb of fire]
 59345 | Zot:5    | Gained mutation: You have an uncontrollable temper. [an orb
                  | of fire]
 59348 | Zot:5    | Killed an orb of fire
 59364 | Zot:5    | Killed an orb of fire
 59579 | Zot:5    | Noticed a dread lich
 59591 | Zot:5    | Killed a dread lich
 59723 | Zot:5    | Identified the +1 orcbow of Past Mistakes {antimagic, rElec
                  | rPois Will- SInv}
 59825 | Zot:5    | Gained mutation: Armour fits poorly on your strangely
                  | shaped body. [an orb of fire]
 59831 | Zot:5    | Gained mutation: Your body sometimes deteriorates upon
                  | taking damage. [an orb of fire]
 59834 | Zot:5    | Killed an orb of fire
 59910 | Zot:4    | Lost mutation: Your body sometimes deteriorates upon taking
                  | damage. [potion of mutation]
 59910 | Zot:4    | Lost mutation: Your magical capacity is low. (-10% MP)
                  | [potion of mutation]
 59910 | Zot:4    | Lost mutation: You are very weak. (Str -4) [potion of
                  | mutation]
 59910 | Zot:4    | Lost mutation: Armour fits poorly on your strangely shaped
                  | body. [potion of mutation]
 59910 | Zot:4    | Lost mutation: You are agile. (Dex +4, Str/Int -1) [potion
                  | of mutation]
 60049 | Zot:1    | Lost mutation: You have an uncontrollable temper. [potion
                  | of mutation]
 60049 | Zot:1    | Lost mutation: You are vulnerable to heat. (rF-) [potion of
                  | mutation]
 60049 | Zot:1    | Lost mutation: You are weak. (Str -2) [potion of mutation]
 60049 | Zot:1    | Gained mutation: You are vulnerable to heat. (rF-) [potion
                  | of mutation]
 60049 | Zot:1    | Gained mutation: You have hidden genetic potential. [potion
                  | of mutation]
 60049 | Zot:1    | Gained mutation: Potions are less effective at restoring
                  | your health. [potion of mutation]
 60049 | Zot:1    | Gained mutation: You have sharp fingernails. [potion of
                  | mutation]
 60153 | Depths:2 | Lost mutation: You are vulnerable to heat. (rF-) [potion of
                  | mutation]
 60153 | Depths:2 | Lost mutation: You sometimes lose your temper in combat.
                  | [potion of mutation]
 60153 | Depths:2 | Gained mutation: You are partially covered in iridescent
                  | scales. (AC +2) [potion of mutation]
 60477 | Shoals:4 | Lost mutation: You have hidden genetic potential. [potion
                  | of mutation]
 60477 | Shoals:4 | Lost mutation: Your mind is acute. (Int +4, Str/Dex -1)
                  | [potion of mutation]
 60477 | Shoals:4 | Gained mutation: Your mind is acute. (Int +4, Str/Dex -1)
                  | [potion of mutation]
 60477 | Shoals:4 | Gained mutation: You have hidden genetic potential. [potion
                  | of mutation]
 60478 | Shoals:4 | Lost mutation: You have sharp fingernails. [potion of
                  | mutation]
 60478 | Shoals:4 | Lost mutation: You are partially covered in iridescent
                  | scales. (AC +2) [potion of mutation]
 60478 | Shoals:4 | Lost mutation: You do not regenerate when monsters are
                  | visible. [potion of mutation]
 60478 | Shoals:4 | Gained mutation: Your body sometimes deteriorates upon
                  | taking damage. [potion of mutation]
 60478 | Shoals:4 | Gained mutation: Your muscles are strong. (Str +4, Int/Dex
                  | -1) [potion of mutation]
 60479 | Shoals:4 | Lost mutation: Your muscles are strong. (Str +4, Int/Dex
                  | -1) [potion of mutation]
 60479 | Shoals:4 | Lost mutation: Potions are less effective at restoring your
                  | health. [potion of mutation]
 60479 | Shoals:4 | Gained mutation: You have a somewhat thin skeletal
                  | structure. (Dex +2, Stealth+) [potion of mutation]
 60479 | Shoals:4 | Gained mutation: You have great hidden genetic potential.
                  | [potion of mutation]
 60479 | Shoals:4 | Lost mutation: Your body sometimes deteriorates upon taking
                  | damage. [potion of mutation]
 60479 | Shoals:4 | Gained mutation: You have supernaturally acute eyesight.
                  | (SInv) [potion of mutation]
 61034 | Zot:5    | Got the Orb of Zot
 61268 | Depths:2 | Received a gift from Okawaru
 61493 | D:10     | Noticed Mawytad the pandemonium lord
 61685 | D:$      | Escaped with the Orb!

Illustrated notes

Levels and vault maps discovered:
D:1:      dpeg_arrival_tiny_d, layout_basic, hellmonk_ecumenical_altar_run_dry
D:2:      layout_basic, serial_shops, shop, nicolae_shop_gaudy_bauble, shop,
          shop
D:3:      layout_loops_corners, nicolae_overflow_two_pavilions,
          minmay_misc_feat_four_crosses, cheibrodos_gnoll_hut, uniq_robin
D:4:      layout_layer_cave, minmay_misc_feat_five
D:5:      layout_basic, nemelex_diamond_rough_becter,
          nicolae_qazlal_style_of_elements, mainiacjoe_overflow_boulevard,
          kennysheep_mini_moat, serial_rivers, chequers_serial_rivers_micro_c,
          chequers_serial_rivers_marsh, chequers_serial_rivers_micro_b,
          chequers_serial_rivers_micro_d, chequers_serial_rivers_micro_d,
          nicolae_fountain_basement
D:6:      layout_basic, mainiacjoe_overflow_tiny_flanked, kennysheep_cross_room,
          dk_noncrumbling_3
D:7:      layout_basic, nicolae_overflow_crystal_walls, minmay_temple_entry_hall
D:8:      layout_rooms, general_overflow_altar, kennysheep_small_circle
D:9:      layout_rooms, mainiacjoe_overflow_alcove_2, led_xom_imps,
          gammafunk_temple_overflow_elements, lair_entry_dummy, erik_orc_1
D:10:     layout_roguey, mainiacjoe_overflow_concentric_impassable
D:11:     layout_gridville, water_maze_lemuel, uniq_gastronok
D:12:     layout_big_octagon, nicolae_shop_distant_corner_stores,
          nicolae_vehumet_altar_sigil, uniq_kirke, uniq_fannar
D:13:     layout_irregular_city
D:14:     minmay_the_grid_4x2 [minmay_the_grid_diamond_grid,
          minmay_the_grid_dragon_a, minmay_the_grid_spin_star,
          minmay_the_grid_expand, minmay_the_grid_stretched_grid,
          minmay_the_grid_embedded, minmay_the_grid_zigzag_pyramid,
          minmay_the_grid_prize_four_corners_diamond_a], layout_rooms,
          david_vaults_4, palyth_stone_intersect,
          minmay_guarded_unrand_resistance
D:15:     hangedman_depths_entry_civil_slaughter, layout_irregular_city,
          dreamdust_princess_corridor, uniq_rupert
Temple:   hellmonk_temple_of_storms
Lair:1:   layout_roguey, chequers_serial_rivers_micro_c, uniq_jeremiah
Lair:2:   layout_small_grid, minmay_shoals_entry_centaurs
Lair:3:   layout_regular_city, minmay_snake_entry_six_corridors, uniq_nessos
Lair:4:   layout_roguey, nicolae_volcano_entry_batcave, gammafunk_ghost_split
Lair:5:   cheibrodos_lair_end_hotspot, layout_gridlike,
          minmay_slime_entry_oklob_open
Shoals:1: layout_shoals, overgrown_hall
Shoals:2: layout_shoals
Shoals:3: layout_shoals, serial_shops, shop, nicolae_shoals_aquamancer_cove
Shoals:4: shoals_end_grunt_ice, layout_shoals, shoals_ilsuiw_alternative,
          serial_shops, nicolae_book_shop_shelving, lemuel_centaur_altar
Snake:1:  layout_basic, lightli_airlock
Snake:2:  layout_onion
Snake:3:  layout_layer_cave, serial_nicolae_subway, nicolae_sub_station_stone,
          nicolae_sub_station_metal, nicolae_sub_station_crystal
Snake:4:  minmay_snake_end_coiled, layout_cave_town, lemuel_fruit_tree,
          serial_bayou_shore_b
Orc:1:    layout_diamond_mine, portal_ice_cave_entry_pillars_1, uniq_maurice
Orc:2:    st_orc_congregation, layout_caves, basic_altar,
          nicolae_shop_overcharged_wands
Elf:1:    nicolae_elf_arrival_dilemma, layout_rooms,
          hangedman_elven_crosses_minicolossus
Elf:2:    elven_hall_of_blades_hangedman_alternative
          [mumra_blade_entry_bloodbath], layout_loops_ring, serial_shops,
          nicolae_diamond_shop
Elf:3:    grunt_elf_hall_asides, layout_loops_cross, serial_shops, shop,
          minmay_shop_star
Vaults:1: vaults_mumra_bighexcomb, nicolae_vaults_closet_pinwheel_4,
          nicolae_vaults_closet_pinwheel_1, nicolae_vaults_storage_closets_2,
          v_misc_24, nicolae_vaults_more_shelving_2,
          nicolae_vaults_little_squares_5, vaults_standard_mumra_x,
          ontoclasm_vaults_ring_small, vaults_room_hallway,
          nicolae_vaults_little_squares_4, nicolae_vaults_apartment_1,
          layout_vaults_chaotic_city
Vaults:2: v_misc_1, v_misc_15, vaults_room_pools, vaults_mumra_chevron,
          hangedman_vaults_stream, nicolae_vaults_stairing_the_circle,
          ontoclasm_vaults_gateway, nicolae_vaults_storage_room_water,
          ontoclasm_vaults_chip, vaults_mumra_minichess_inversion, v_misc_27,
          nicolae_vaults_house_2, layout_vaults_omnicross, serial_shops, shop
Vaults:3: portal_desolation_entry_twin_temple, minmay_crypt_entry_simple_walls,
          grunt_vaults_trifunnel, nicolae_vaults_spaceships,
          nicolae_vaults_closet_pinwheel_6, hangedman_vaults_hat,
          nicolae_vaults_wrenched, v_misc_2, nicolae_vaults_tetromino_L_2,
          ontoclasm_vaults_decontamination, vaults_room_door_ring,
          layout_vaults_omnigrid, serial_shops, nicolae_shop_peninsula
Vaults:4: nicolae_vaults_big_ls, ontoclasm_vaults_ligature,
          nicolae_vaults_hexular_roomagon, nicolae_vaults_storage_room_statues,
          nicolae_vaults_tetromino_T_1, nicolae_vaults_theta,
          vaults_room_door_hall, nicolae_vaults_little_squares_1,
          v_alt_pattern_3, nicolae_vaults_trapezoid_lopsided_2,
          nicolae_vaults_library_corner, vaults_room_fours, v_misc_3,
          nicolae_vaults_weapon_check, nicolae_vaults_closet_pinwheel_5,
          layout_vaults_omnibox
Vaults:5
Crypt:1:  layout_catacombs, mu_enter_wizlab_4, ebering_ghost_disaster_area,
          hex_large, grunt_crypt_arrival_webbed
Crypt:2:  cheibrodos_crypt_3hun_7po, layout_misc_corridors
Crypt:3:  cryptofortress_bobbens
Depths:1: layout_small_grid, serial_shops, shop, pf_dread_powers_of_hell,
          minmay_misc_feat_enclosed, grunt_decor_resistance,
          minmay_misc_feat_secret_circle, serial_sigils_hangedman_leer,
          corexii_leaking_fountain, tgw_lugonu_bribe
Depths:2: cheibrodos_quadrivalence, layout_honeycomb, hell_entry, abyss_entry,
          rand_demon_pan_entry_7, serial_shops, shop, nicolae_shop_drivethru,
          nicolae_custom_books, uniq_sojobo, uniq_mara
Depths:3: gammafunk_the_bubble [the_bubble_gammafunk_plus_minus],
          layout_gridlike, pan_entry, hell_entry, gammafunk_ghost_tricky_traps,
          abyss_entry, serial_bayou_shore_a, infiniplex_staircase_9_rooms,
          uniq_grunn, uniq_josephina
Depths:4: evilmike_zot_entry_round, layout_basic, enter_ziggurat_b,
          nicolae_hell_entry_hellmouth_sunbeams
Zot:1:    hangedman_zot_vaults_quadrants, layout_concentric_octagons
Zot:2:    layout_gridlike
Zot:3:    layout_basic, hellmonk_formless_pools
Zot:4:    layout_misc_corridors, st_grand_hoard_of_tiamat
Zot:5:    layout_basic

Skill      XL: |  1  2  3  4  5  6  7  8  9 10 11 12 13 14 15 16 17 18 19 20 21 22 23 24 25 26 27 |
---------------+----------------------------------------------------------------------------------+-----
Polearms       | 3 4 5 6 7 9 11 14 | 14.0
Throwing       | 1 8 9 11 12 13 16 | 16.0
Dodging        | 5 8 10 11 12 13 15 16 18 19 22 | 22.0
Fighting       | 7 9 12 13 14 15 16 21 22 | 22.0
Armour         | 6 9 12 13 14 15 16 18 19 21 22 | 22.0
Invocations    | 7 9 11 14 15 20 22 | 22.5
Evocations     | 4 6 7 12 | 12.7
Necromancy     | 3 6 10 12 13 14 | 14.9
Shields        | 8 15 16 21 22 | 22.0
Axes           | 5 13 | 13.5
Stealth        | |  0.3
Translocations | |  0.2

Action                     |  1- 3 |  4- 6 |  7- 9 | 10-12 | 13-15 | 16-18 | 19-21 | 22-24 | 25-27 || total
---------------------------+-------+-------+-------+-------+-------+-------+-------+-------+-------++-------
  Melee: Trident           |    78 |   160 |   287 |   528 |       |       |       |       |       ||  1053
         Headbutt          |    12 |    20 |    41 |   142 |   279 |   222 |   456 |   655 |   302 ||  2129
         Demon trident     |       |       |       |   145 |  1049 |  1055 |  1440 |  1157 |   878 ||  5724
         Broad axe         |       |       |       |       |       |    46 |       |   582 |       ||   628
  Throw: Dart              |       |       |     7 |     8 |       |       |       |       |     1 ||    16
         Boomerang         |       |       |    20 |    25 |    55 |   250 |   155 |    46 |   177 ||   728
         Javelin           |       |       |       |       |     1 |     6 |    17 |       |    10 ||    34
 Invoke: Heroism           |       |       |       |     9 |    13 |    20 |    15 |    14 |    16 ||    87
         Finesse           |       |       |       |     1 |     3 |     3 |     3 |     7 |     4 ||    21
         Receive Weapon    |       |       |       |     1 |       |       |       |       |       ||     1
         Receive Armour    |       |       |       |     1 |       |       |       |       |       ||     1
         Duel              |       |       |       |       |     1 |       |       |       |       ||     1
  Evoke: Wand              |       |       |     1 |       |     5 |     2 |     1 |     1 |       ||    10
         Tin of tremorston |       |       |       |       |       |     2 |     1 |     1 |       ||     4
         Phial of floods   |       |       |       |       |       |       |     1 |       |       ||     1
         Lightning rod     |       |       |       |       |       |       |       |     4 |       ||     4
    Use: Scroll            |       |     4 |     8 |     5 |    12 |     5 |     5 |     8 |     5 ||    52
         Potion            |       |       |     8 |     6 |     7 |     2 |     1 |    10 |    18 ||    52
   Stab: Confused          |       |       |       |     1 |       |       |       |       |       ||     1
         Distracted        |       |       |       |     1 |     1 |       |       |       |       ||     2
         Invisible         |       |       |       |       |     3 |       |       |    13 |       ||    16
         Held in net/web   |       |       |       |       |       |     1 |       |       |       ||     1
 Armour: Scale mail        |    46 |    98 |    84 |       |       |       |       |       |       ||   228
         Plate armour      |       |       |    29 |   290 |       |       |       |       |       ||   319
         Gold dragon scale |       |       |       |   114 |   614 |   781 |   614 |   927 |   561 ||  3611
  Dodge: Dodged            |    20 |    45 |    42 |   235 |   265 |   315 |   302 |   462 |   260 ||  1946
  Block: Buckler           |    17 |    30 |    21 |   142 |   269 |       |       |       |       ||   479
         Reflection        |       |       |       |       |    16 |   147 |    90 |    13 |       ||   266
         Kite shield       |       |       |       |       |    27 |   881 |  1137 |  1515 |   433 ||  3993

Table legend: (Time is in decaauts)
 A = Elapsed time spent in this place.
 B = Non-inter-level travel time spent in this place.
 C = Inter-level travel time spent in this place.
 D = Time resting spent in this place.
 E = Time spent auto-exploring this place.
 F = Levels seen in this place.
 G = Mean time per level.
                   A        B        C        D        E       F      G
               +--------+--------+--------+--------+--------+-----+--------+
         Total |  58883 |  51698 |   7185 |   3747 |  35345 |  56 | 1051.5 |
       Dungeon |  15328 |  12566 |   2762 |   1322 |   8759 |  15 | 1021.9 |
        Temple |     19 |     19 |      0 |      0 |      0 |   1 |   19.0 |
          Lair |   5615 |   4982 |    633 |    261 |   3616 |   5 | 1123.0 |
        Shoals |   4039 |   3631 |    408 |     32 |   2848 |   4 | 1009.8 |
     Snake Pit |   4612 |   4407 |    205 |    106 |   3332 |   4 | 1153.0 |
  Orcish Mines |   1593 |   1088 |    505 |      0 |    704 |   2 |  796.5 |
   Elven Halls |   2627 |   2308 |    319 |    164 |   1595 |   3 |  875.7 |
        Vaults |   7363 |   6608 |    755 |    254 |   4669 |   5 | 1472.6 |
         Crypt |   3286 |   3186 |    100 |      0 |   2242 |   3 | 1095.3 |
        Depths |   4674 |   3920 |    754 |    175 |   2865 |   4 | 1168.5 |
           Zot |   7386 |   6646 |    740 |   1432 |   3613 |   5 | 1477.2 |
      Ice Cave |    776 |    776 |      0 |      0 |    436 |   1 |  776.0 |
       Volcano |    251 |    251 |      0 |      0 |     74 |   1 |  251.0 |
        Wizlab |    574 |    574 |      0 |      0 |    238 |   1 |  574.0 |
    Desolation |    724 |    724 |      0 |      0 |    351 |   1 |  724.0 |
         Arena |      8 |      8 |      0 |      0 |      0 |   1 |    8.0 |
               +--------+--------+--------+--------+--------+-----+--------+

Top non-repeatable levels by time:
   Zot:5: 1785 daAuts
Vaults:1: 1768 daAuts
   Zot:4: 1758 daAuts
Vaults:3: 1676 daAuts
     D:9: 1595 daAuts
 Snake:1: 1483 daAuts
  Lair:5: 1474 daAuts
Vaults:2: 1381 daAuts
   Zot:2: 1379 daAuts
Vaults:5: 1372 daAuts
Shoals:4: 1371 daAuts
Depths:3: 1331 daAuts
Depths:2: 1303 daAuts
 Snake:4: 1275 daAuts
   Zot:1: 1254 daAuts
